1950 views
Uploaded 2023-04-23 20:54:41
Game version 1.35 (6115)
13:14 long 2on2 ladder game on (4)Synergy_S2
Saved by DKnight
1950 views
Uploaded 2023-04-23 20:54:41
Game version 1.35 (6115)
13:14 long 2on2 ladder game on (4)Synergy_S2


41 units @ 7.3k
/ 1.2k
26 buildings @ 4.2k
/ 1.5k


| Rod of Necromancy | 1 | 150 |
| total: | 1 | 150g |
| Acolyte | 2 | 150 | / | 0 |
| Ghoul | 3 | 360 | / | 0 |
| Crypt Fiend | 8 | 1720 | / | 320 |
| Necromancer | 4 | 580 | / | 80 |
| Abomination | 3 | 720 | / | 210 |
| total: | 20 | 3530g | / | 610w |
| Nerubian Tower | 2 | 200 | / | 40 |
| Crypt | 2 | 400 | / | 100 |
| Graveyard | 1 | 215 | / | 0 |
| Altar of Darkness | 1 | 180 | / | 50 |
| Ziggurat | 6 | 900 | / | 300 |
| Tomb of Relics | 1 | 130 | / | 30 |
| Slaughterhouse | 3 | 420 | / | 405 |
| Temple of the Damned | 1 | 155 | / | 140 |
| Halls of the Dead | 1 | 320 | / | 210 |
| Black Citadel | 1 | 325 | / | 230 |
| total: | 15 | 2400g | / | 1025w |
| 0:02 | Acolyte |
| 0:02 | Acolyte |
| 0:18 | Crypt |
| 0:20 | Crypt |
| 0:21 | Graveyard |
| 0:40 | Altar of Darkness |
| 0:56 | Ziggurat |
| 1:20 | Ghoul |
| 1:34 | Tomb of Relics |
| 1:49 | Crypt Fiend |
| 2:01 | Ziggurat |
| 2:22 | Crypt Fiend |
| 2:35 | Nerubian Tower |
| 2:46 | Death Coil |
| 2:50 | Rod of Necromancy |
| 3:09 | Crypt Fiend |
| 3:33 | Ziggurat |
| 3:36 | Ziggurat |
| 3:37 | Ghoul |
| 4:06 | Nerubian Tower |
| 4:15 | Death Pact |
| 4:34 | Crypt Fiend |
| 4:36 | Ghoul |
| 4:44 | Halls of the Dead |
| 4:55 | Crypt Fiend |
| 5:15 | Crypt Fiend |
| 6:19 | Crypt Fiend |
| 6:21 | Creature Attack |
| 6:23 | Ziggurat |
| 6:38 | Death Coil |
| 6:48 | Ziggurat |
| 7:57 | Black Citadel |
| 8:31 | Crypt Fiend |
| 8:35 | Slaughterhouse |
| 8:37 | Slaughterhouse |
| 8:40 | Temple of the Damned |
| 9:07 | Slaughterhouse |
| 9:43 | Necromancer |
| 9:43 | Necromancer |
| 9:47 | Necromancer Adept Training |
| 10:16 | Frost Nova |
| 10:24 | Abomination |
| 10:25 | Abomination |
| 11:05 | Necromancer Master Training |
| 11:05 | Necromancer |
| 11:05 | Necromancer |
| 11:27 | Death Pact |
| 11:49 | Dark Ritual |
| 11:58 | Abomination |
| 13:00 | Death Coil |
| Right click | 574 |
| Chat | 308 |
| Select | 241 |
| Select group | 186 |
| Misc. action | 70 |
| Build/train/purchase | 52 |
| Use ability | 24 |
| Assign group | 10 |
| Minimap ping | 4 |
| Remove unit | 1 |


| Rod of Necromancy | 2 | 300 |
| Potion of Healing | 1 | 150 |
| total: | 3 | 450g |
| Acolyte | 3 | 225 | / | 0 |
| Ghoul | 3 | 360 | / | 0 |
| Crypt Fiend | 12 | 2580 | / | 480 |
| Obsidian Statue | 3 | 600 | / | 105 |
| total: | 21 | 3765g | / | 585w |
| Crypt | 1 | 200 | / | 50 |
| Graveyard | 1 | 215 | / | 0 |
| Altar of Darkness | 1 | 180 | / | 50 |
| Ziggurat | 5 | 750 | / | 250 |
| Tomb of Relics | 1 | 130 | / | 30 |
| Necropolis | 1 | 225 | / | 0 |
| Slaughterhouse | 1 | 140 | / | 135 |
| Halls of the Dead | 1 | 320 | / | 210 |
| Black Citadel | 1 | 325 | / | 230 |
| total: | 11 | 1840g | / | 515w |
| 0:02 | Acolyte |
| 0:02 | Acolyte |
| 0:05 | Crypt |
| 0:34 | Graveyard |
| 0:49 | Altar of Darkness |
| 0:56 | Ziggurat |
| 1:09 | Ghoul |
| 1:32 | Tomb of Relics |
| 1:47 | Ghoul |
| 2:05 | Ziggurat |
| 2:09 | Crypt Fiend |
| 2:35 | Crypt Fiend |
| 2:47 | Rod of Necromancy |
| 2:52 | Death Coil |
| 3:17 | Halls of the Dead |
| 3:44 | Crypt Fiend |
| 4:13 | Crypt Fiend |
| 4:14 | Unholy Aura |
| 4:17 | Ziggurat |
| 4:41 | Ghoul |
| 5:28 | Crypt Fiend |
| 6:21 | Slaughterhouse |
| 6:48 | Black Citadel |
| 7:02 | Death Coil |
| 7:19 | Rod of Necromancy |
| 7:24 | Frost Nova |
| 8:02 | Obsidian Statue |
| 8:03 | Crypt Fiend |
| 8:06 | Ziggurat |
| 8:20 | Crypt Fiend |
| 8:23 | Potion of Healing |
| 9:11 | Destroyer Form |
| 9:13 | Web |
| 9:18 | Obsidian Statue |
| 9:20 | Acolyte |
| 9:24 | Ziggurat |
| 9:26 | Creature Attack |
| 9:40 | Frost Armor |
| 9:51 | Death Pact |
| 9:58 | Necropolis |
| 10:06 | Crypt Fiend |
| 10:34 | Crypt Fiend |
| 11:14 | Crypt Fiend |
| 11:20 | Crypt Fiend |
| 11:41 | Frost Nova |
| 12:11 | Crypt Fiend |
| 12:13 | Obsidian Statue |
| 12:45 | Death Coil |
| Right click | 744 |
| Select group | 713 |
| Select | 217 |
| Misc. action | 70 |
| Build/train/purchase | 54 |
| Assign group | 26 |
| Chat | 21 |
| Use ability | 19 |
| Item give/drop | 7 |
| Esc | 2 |
| Minimap ping | 2 |
| Remove unit | 1 |
50 units @ 6.7k
/ 0.5k
28 buildings @ 3.8k
/ 1.3k


| Potion of Mana | 1 | 200 |
| Potion of Healing | 1 | 150 |
| total: | 2 | 350g |
| Wisp | 12 | 720 | / | 0 |
| Huntress | 13 | 2535 | / | 260 |
| total: | 25 | 3255g | / | 260w |
| Altar of Elders | 1 | 180 | / | 50 |
| Moon Well | 5 | 900 | / | 200 |
| Hunter's Hall | 1 | 210 | / | 100 |
| Ancient of War | 2 | 300 | / | 120 |
| Ancient of Wonders | 1 | 90 | / | 30 |
| Ancient of Lore | 1 | 155 | / | 145 |
| Tree of Ages | 1 | 320 | / | 180 |
| total: | 11 | 1835g | / | 645w |
| 0:03 | Altar of Elders |
| 0:06 | Moon Well |
| 0:19 | Moon Well |
| 0:22 | Wisp |
| 0:23 | Wisp |
| 0:39 | Wisp |
| 0:51 | Wisp |
| 1:08 | Wisp |
| 1:15 | Wisp |
| 1:26 | Hunter's Hall |
| 1:36 | Wisp |
| 1:51 | Ancient of War |
| 1:52 | Wisp |
| 2:00 | Wisp |
| 2:14 | Ancient of War |
| 2:17 | Shadow Strike |
| 2:28 | Moon Well |
| 2:29 | Wisp |
| 2:47 | Wisp |
| 2:47 | Wisp |
| 3:25 | Huntress |
| 3:29 | Moon Armor |
| 3:58 | Huntress |
| 4:10 | Moon Well |
| 4:33 | Strength of the Moon |
| 4:51 | Tree of Ages |
| 5:31 | Huntress |
| 6:04 | Blink |
| 6:18 | Huntress |
| 6:36 | Ancient of Wonders |
| 6:43 | Huntress |
| 7:11 | Moon Well |
| 7:53 | Fan of Knives |
| 7:59 | Moon Glaive |
| 8:04 | Huntress |
| 8:35 | Improved Moon Armor |
| 8:37 | Sentinel |
| 9:06 | Potion of Mana |
| 9:07 | Potion of Healing |
| 9:18 | Huntress |
| 9:20 | Trueshot Aura |
| 9:53 | Huntress |
| 9:55 | Huntress |
| 10:29 | Huntress |
| 11:22 | Huntress |
| 11:43 | Ancient of Lore |
| 12:08 | Huntress |
| 12:18 | Improved Strength of the Moon |
| 12:20 | Huntress |
| Right click | 809 |
| Select | 192 |
| Select group | 86 |
| Build/train/purchase | 48 |
| Use ability | 20 |
| Resource trade | 10 |
| Minimap ping | 5 |
| Assign group | 2 |


| Scroll of Regeneration | 1 | 100 |
| Lesser Clarity Potion | 1 | 70 |
| Ivory Tower | 2 | 80 |
| Scroll of Healing | 1 | 250 |
| Potion of Lesser Invulnerability | 1 | 150 |
| total: | 6 | 650g |
| Peasant | 10 | 750 | / | 0 |
| Footman | 6 | 810 | / | 0 |
| Rifleman | 9 | 1845 | / | 270 |
| total: | 25 | 3405g | / | 270w |
| Scout Tower | 3 | 90 | / | 60 |
| Guard Tower | 4 | 280 | / | 200 |
| Altar of Kings | 1 | 180 | / | 50 |
| Barracks | 2 | 320 | / | 120 |
| Farm | 7 | 560 | / | 140 |
| Lumber Mill | 1 | 120 | / | 0 |
| Arcane Vault | 1 | 130 | / | 30 |
| Blacksmith | 1 | 140 | / | 60 |
| Town Hall | 1 | 385 | / | 205 |
| Keep | 1 | 320 | / | 210 |
| total: | 17 | 1925g | / | 665w |
| 0:03 | Peasant |
| 0:06 | Altar of Kings |
| 0:12 | Barracks |
| 0:18 | Peasant |
| 0:32 | Peasant |
| 0:35 | Farm |
| 0:38 | Peasant |
| 0:44 | Farm |
| 0:51 | Peasant |
| 1:05 | Peasant |
| 1:29 | Lumber Mill |
| 1:33 | Footman |
| 1:49 | Barracks |
| 1:53 | Footman |
| 2:13 | Arcane Vault |
| 2:21 | Footman |
| 2:45 | Peasant |
| 2:47 | Farm |
| 2:58 | Improved Lumber Harvesting |
| 3:02 | Storm Bolt |
| 3:15 | Footman |
| 3:23 | Farm |
| 3:38 | Blacksmith |
| 4:00 | Footman |
| 4:02 | Defend |
| 4:22 | Footman |
| 4:48 | Farm |
| 4:52 | Iron Forged Swords |
| 5:27 | Keep |
| 5:30 | Rifleman |
| 5:34 | Bash |
| 5:53 | Black Gunpowder |
| 6:22 | Rifleman |
| 6:40 | Scroll of Regeneration |
| 6:47 | Farm |
| 7:02 | Rifleman |
| 7:46 | Rifleman |
| 7:58 | Storm Bolt |
| 8:29 | Farm |
| 8:31 | Lesser Clarity Potion |
| 8:32 | Ivory Tower |
| 8:38 | Ivory Tower |
| 8:53 | Town Hall |
| 9:04 | Guard Tower |
| 9:11 | Guard Tower |
| 9:19 | Rifleman |
| 9:34 | Refined Gunpowder |
| 9:42 | Scout Tower |
| 10:15 | Holy Light |
| 10:26 | Scout Tower |
| 10:28 | Guard Tower |
| 10:36 | Peasant |
| 10:37 | Peasant |
| 10:37 | Peasant |
| 10:51 | Guard Tower |
| 10:56 | Potion of Lesser Invulnerability |
| 10:58 | Scroll of Healing |
| 11:19 | Rifleman |
| 11:33 | Rifleman |
| 11:46 | Scout Tower |
| 12:06 | Rifleman |
| 12:19 | Rifleman |
| Right click | 1045 |
| Select | 231 |
| Build/train/purchase | 55 |
| Use ability | 13 |
| Select group | 8 |
| Resource trade | 6 |
| Assign group | 2 |
| Misc. action | 2 |
| Remove unit | 2 |
| Item give/drop | 1 |